 Dungeon Crawl Stone Soup version 0.29-a0-330-g52719c12eb (webtiles) character file.

Game seed: 16228301204564013615

857 kae the Firebug (level 7, -12/56 HPs)
             Began as a Demigod Fire Elementalist on May 31, 2022.
             Mangled by an ogre
             ... wielding a +0 giant club
              (26 damage)
             ... on level 5 of the Dungeon.
             The game lasted 00:04:08 (7339 turns).

kae the Firebug (Demigod Fire Elementalist)         Turns: 7339, Time: 00:04:09

Health: -12/56     AC:  5    Str:  9    XL:     7   Next: 42%
Magic:  8/14       EV: 13    Int: 25    God:
Gold:   155        SH:  0    Dex: 14    Spells: 6/12 levels left

rFire   + . .      SeeInvis .   d - +1 short sword
rCold   . . .      Faith    .   (no shield)
rNeg    . . .      Spirit   .   a - +0 robe
rPois   .          Reflect  .   t - +2 hat
rElec   .          Harm     .   (no cloak)
rCorr   .          Rampage  .   (no gloves)
Will    .....                   c - +0 pair of boots
Stlth   ++........              (no amulet)
HPRegen 0.18/turn               p - ring of protection from fire
MPRegen 0.14/turn               s - ring of flight

@: flying
A: high MP 1, forlorn, divine attributes
a: no special abilities


You were on level 5 of the Dungeon.
You visited 1 branch of the dungeon, and saw 5 of its levels.

You collected 155 gold pieces.

Inventory:

Hand Weapons
 d - a +1 short sword (weapon)
Missiles
 n - a throwing net
Armour
 a - a +0 robe (worn)
 c - a +0 pair of boots (worn)
 t - a +2 hat (worn)
Jewellery
 g - a +6 ring of dexterity
 h - a +4 ring of slaying
 p - a ring of protection from fire (left hand)
 s - a ring of flight (right hand)
Wands
 l - a wand of flame (14)
Scrolls
 e - 2 scrolls of noise
 q - 4 scrolls of teleportation
 v - 2 scrolls of identify
Potions
 b - 2 potions of magic
 f - a potion of lignification
 i - a potion of attraction
 j - 3 potions of might
 k - a potion of brilliance
 m - a potion of ambrosia {unknown}
 o - 2 potions of haste
 r - a potion of heal wounds
 u - a potion of degeneration {unknown}


   Skills:
 + Level 2.6 Fighting
 + Level 3.4 Dodging
 - Level 1.7 Stealth
 + Level 3.0 Spellcasting
 * Level 4.2 Conjurations
 * Level 5.0 Fire Magic


You had 6 spell levels left.
You knew the following spells:

 Your Spells              Type           Power      Damage    Failure   Level
a - Foxfire               Conj/Fire      100%       2x1d9     1%          1
b - Scorch                Fire           58%        2d7       1%          2
c - Conjure Flame         Conj/Fire      27%        6-21      4%          3

Your spell library contained the following spells:

 Spells                   Type           Power      Damage    Failure   Level
 Shock                    Conj/Air       56%        1d6       4%          1
 Inner Flame              Hex/Fire       16%        N/A       11%         3
 Flame Wave               Conj/Fire      27%        2d7       14%         4
 Swiftness                Air            3%         N/A       30%         3
 Airstrike                Air            1%         N/A       69%         4


Dungeon Overview and Level Annotations

Branches:
Dungeon (5/15)             Temple (0/1) D:5

Annotations:
D:3 exclusion: statue


Innate Abilities, Weirdness & Mutations

You have an increased reservoir of magic. (+10% MP)
You shall have no god before yourself.
Your divine heritage dramatically boosts your attributes as you level up.


Message History

The foxfire hits the orc priest but does no damage. x2
There are monsters nearby!
Casting: Foxfire (safe; 1% risk of failure)
Confirm with . or Enter, or press ? or * to list all spells.
You conjure some foxfire!
The foxfire hits the orc priest.
The orc priest is lightly wounded.
The foxfire hits the orc priest.
The orc priest is moderately wounded.
The orc priest closely misses you.
There are monsters nearby!
Casting: Foxfire (safe; 1% risk of failure)
Confirm with . or Enter, or press ? or * to list all spells.
You conjure some foxfire!
The orc priest hits you with a +0 flail!
The foxfire hits the orc priest.
The orc priest is severely wounded.
The foxfire hits the orc priest.
The orc priest is almost dead.
The orc priest hits you with a +0 flail!
Casting: Foxfire (safe; 1% risk of failure)
Confirm with . or Enter, or press ? or * to list all spells.
You conjure some foxfire!
The orc priest invokes the aid of Beogh against you.
Pain shoots through your body!
The foxfire hits the orc priest.
The orc priest is almost dead.
The foxfire hits the ogre.
The ogre is lightly wounded.
The ogre misses you.
The orc priest hits you but does no damage.
Casting: Foxfire (safe; 1% risk of failure)
Confirm with . or Enter, or press ? or * to list all spells.
Flames lash the ogre.
The ogre is heavily wounded.
The ogre's fire resistance burns away.
The orc priest hits you with a +0 flail.
* * * LOW HITPOINT WARNING * * *
The ogre hits you with a +0 giant club!!
You die...

#..# ##....###.##
#.###.†##..##..## .
##.....####..#.... .. #
#......## #......
...#>##..##...####...###
.....#...#......##..##
....................#
..#...o......##....####.
......O@......##........
...####.......##.......#
#..............####
#..........####.....
#..###...#..# #..... ..#
#..##..# #.#... ..# .###
.# #..##.. ... .#
#..###. #.## #.


You could see an ogre (combustible) and an orc priest.

Vanquished Creatures
  A black bear (D:4)
  An ogre (D:4)
  A sky beast (D:5)
  A centaur (D:4)
  A phantom (D:3)
  A scorpion (D:4)
  4 orc priests
  2 orc wizards (D:4)
  10 adders
  An ufetubus (D:5)
  3 worms
  3 dart slugs
  22 orcs
  4 endoplasms
  A giant cockroach (D:3)
  8 goblins
  5 hobgoblins
  8 jackals
  A quokka (D:3)
  7 ball pythons
  6 bats
  5 frilled lizards
  7 kobolds
  3 rats
106 creatures vanquished.

Vanquished Creatures (others)
  331 foxfires
331 creatures vanquished.

Grand Total: 437 creatures vanquished

Notes
Turn   | Place    | Note
-------+----------+-------------------------------------------
     0 | D:1      | kae the Demigod Fire Elementalist began the quest for the
                  | Orb.
     0 | D:1      | Reached XP level 1. HP: 14/14 MP: 5/5
   181 | D:1      | Reached skill level 1 in Conjurations
   628 | D:1      | Reached XP level 2. HP: 20/20 MP: 2/7
   995 | D:1      | Reached skill level 3 in Fire Magic
  1400 | D:1      | Learned a level 2 spell: Scorch
  1809 | D:2      | Reached XP level 3. HP: 27/27 MP: 3/8
  1983 | D:2      | Reached skill level 1 in Fighting
  2493 | D:2      | Reached XP level 4. HP: 13/35 MP: 3/9
  3166 | D:3      | Learned a level 3 spell: Conjure Flame
  4122 | D:3      | Noticed a frost-covered statue
  4443 | D:3      | Noticed a phantom
  4450 | D:3      | Killed a phantom
  4451 | D:3      | Reached XP level 5. HP: 40/40 MP: 5/11
  4580 | D:3      | Reached skill level 4 in Fire Magic
  4910 | D:4      | Noticed an ogre
  4981 | D:4      | Reached XP level 6. HP: 17/48 MP: 2/12
  6310 | D:4      | Reached XP level 7. HP: 32/56 MP: 7/14
  7015 | D:5      | Entered Level 5 of the Dungeon
  7290 | D:5      | Reached skill level 5 in Fire Magic
  7327 | D:5      | Found a staircase to the Ecumenical Temple.
  7339 | D:5      | Mangled by an ogre

Illustrated notes

Levels and vault maps discovered:
D:1:      dpeg_chamrin_arrival_tetris, layout_loops_ring,
          ebering_ecumenical_altar_box, serial_rivers,
          chequers_serial_rivers_marsh, chequers_serial_rivers_room_a,
          chequers_serial_rivers_micro_a, chequers_serial_rivers_small_a,
          chequers_serial_rivers_small_3, chequers_serial_rivers_marsh
D:2:      layout_basic
D:3:      minmay_door_path, layout_loops_corners, vehumet_statue,
          minmay_splitting_lines
D:4:      layout_loops_corners, slow_altar_1, serial_rivers,
          chequers_serial_rivers_marsh, chequers_serial_rivers_room_a,
          chequers_serial_rivers_room_b, chequers_serial_rivers_room_a,
          chequers_serial_rivers_large_a
D:5:      layout_layer_cave, lemuel_zombie_altar_kikubaaqudgha,
          minmay_temple_entry_proselytizer, uniq_edmund

Skill      XL: |  1  2  3  4  5  6  7 |
---------------+----------------------+-----
Conjurations   | 1 2 3 4 |  4.2
Fire Magic     | 3 4 5 |  5.0
Dodging        | 2 3 |  3.4
Spellcasting   | 2 3 |  3.0
Fighting       | 1 2 |  2.6
Stealth        | |  1.7

Action                   |  1- 3 |  4- 6 |  7- 9 || total
-------------------------+-------+-------+-------++-------
Melee: Unarmed           |    22 |       |       ||    22
       Short sword       |     1 |    14 |       ||    15
 Cast: Foxfire           |   104 |    70 |    27 ||   201
       Scorch            |       |    35 |     8 ||    43
  Use: Scroll            |     4 |     6 |     3 ||    13
       Potion            |       |     1 |       ||     1
Armor: Robe              |    18 |    12 |     1 ||    31
Dodge: Dodged            |    44 |    42 |     3 ||    89

Table legend: (Time is in decaauts)
 A = Elapsed time spent in this place.
 B = Non-inter-level travel time spent in this place.
 C = Inter-level travel time spent in this place.
 D = Time resting spent in this place.
 E = Time spent auto-exploring this place.
 F = Levels seen in this place.
 G = Mean time per level.
                   A        B        C        D        E       F      G
               +--------+--------+--------+--------+--------+-----+--------+
         Total |   7359 |   7243 |    116 |    193 |   6217 |   5 | 1471.8 |
       Dungeon |   7359 |   7243 |    116 |    193 |   6217 |   5 | 1471.8 |
               +--------+--------+--------+--------+--------+-----+--------+

Top non-repeatable levels by time:
     D:4: 2106 daAuts
     D:3: 2052 daAuts
     D:1: 1748 daAuts
     D:2: 1127 daAuts
     D:5: 323 daAuts
